 Dungeon Crawl Stone Soup version 0.29.1-12-g30fa7ad0bf (webtiles) character file.

Game seed: 17297546140383784343

430 Gabide the Trooper (level 6, -5/51 HPs)
             Began as a Mummy Berserker on Dec 14, 2022.
             Was a Priest of Trog.
             Slain by DildoBatman's ghost (7 damage)
             ... on level 4 of the Dungeon.
             The game lasted 00:04:49 (4631 turns).

Gabide the Trooper (Mummy Berserker)                Turns: 4631, Time: 00:04:50

Health: -5/51      AC:  7    Str: 22    XL:     6   Next: 66%
Magic:  6/6        EV: 11    Int:  7    God:    Trog [***...]
Gold:   215        SH:  5    Dex: 11    Spells: 5/5 levels left

rFire   x . .      SeeInvis .     - Unarmed
rCold   + . .      Faith    .   (no shield)
rNeg    + + +      Spirit   .   g - +0 ring mail
rPois   ∞          Reflect  +   (no helmet)
rElec   .          Harm     .   j - +0 cloak
rCorr   .          Rampage  .   (no gloves)
Will    ++...                   i - +0 pair of boots
Stlth   +.........              c - amulet of reflection
HPRegen 1.17/turn               (no ring)
MPRegen 0.10/turn               (no ring)

@: strong-willed, regenerating
A: cold resistance 1, negative energy resistance 3, torment resistance 2, heat
vulnerability 1, in touch with death 1, no potions
a: Renounce Religion, Trog's Hand


You were on level 4 of the Dungeon.
You worshipped Trog.
Trog was most pleased with you.
You visited 1 branch of the dungeon, and saw 4 of its levels.

You collected 215 gold pieces.

Inventory:

Missiles
 f - 3 boomerangs (quivered)
Armour
 g - a +0 ring mail (worn)
 i - a +0 pair of boots (worn)
 j - a +0 cloak (worn)
Jewellery
 c - an amulet of reflection (around neck)
 n - a ring of resist corrosion
 p - a ring of protection from fire
Scrolls
 a - a scroll of fear {unknown}
 b - 2 scrolls of enchant armour {unknown}
 d - 2 scrolls of fog {unknown}
 e - 3 scrolls of identify {unknown}
 h - 2 scrolls of teleportation {unknown}
 k - a scroll of summoning {unknown}
 l - a scroll of brand weapon {unknown}
 m - a scroll of magic mapping {unknown}
 o - a scroll of immolation {unknown}
 q - a scroll of acquirement {unknown}
 r - a scroll of silence {unknown}
 s - a scroll of poison {unknown}


   Skills:
 * Level 5.3 Fighting
 - Level 2.0 Armour
 + Level 2.8 Dodging
 * Level 4.2 Unarmed Combat


You had 5 spell levels left.
You didn't know any spells.
Your spell library was empty.

Dungeon Overview and Level Annotations

Branches:
Dungeon (4/15)
 Temple: D:4-7

Altars:
Dithmenos
Hepliaklqana
Makhleb
Yredelemnul

Annotations:
D:4 DildoBatman's ghost, amateur FoCj


Innate Abilities, Weirdness & Mutations

You are immune to poison.
Your flesh is cold resistant. (rC+)
You are immune to negative energy. (rN+++)
You are immune to unholy pain and torment.
You are vulnerable to heat. (rF-)
You are in touch with the powers of death.
You do not drink.


Message History

DildoBatman's ghost hits you but does no damage.
You closely miss DildoBatman's ghost.
DildoBatman's ghost is almost destroyed.
DildoBatman's ghost hits you but does no damage.
You closely miss DildoBatman's ghost.
DildoBatman's ghost is almost destroyed.
DildoBatman's ghost barely misses you.
You hit DildoBatman's ghost.
DildoBatman's ghost is almost destroyed.
DildoBatman's ghost hits you but does no damage.
You closely miss DildoBatman's ghost.
DildoBatman's ghost is almost destroyed.
DildoBatman's ghost casts a spell at you.
The magic dart hits you.
* * * LOW HITPOINT WARNING * * *
You hit DildoBatman's ghost.
DildoBatman's ghost is almost destroyed.
You block DildoBatman's ghost's attack.
You hit DildoBatman's ghost but do no damage.
DildoBatman's ghost is almost destroyed.
DildoBatman's ghost casts a spell at you.
The magic dart hits you.
* * * LOW HITPOINT WARNING * * *
You hit DildoBatman's ghost but do no damage.
DildoBatman's ghost is almost destroyed.
You barely miss DildoBatman's ghost.
DildoBatman's ghost is almost destroyed.
DildoBatman's ghost hits you.
* * * LOW HITPOINT WARNING * * *
DildoBatman's ghost freezes you.
* * * LOW HITPOINT WARNING * * *
You barely miss DildoBatman's ghost.
DildoBatman's ghost is almost destroyed.
DildoBatman's ghost gestures at you while chanting.
The magic dart hits you.
* * * LOW HITPOINT WARNING * * *
Your skin crawls.
You feel strong-willed. DildoBatman's ghost hits you!
You die...

.+..#...##.##†##
#.. #. #... #.##.#
#.. ####+####.#
#♣. ####.# #.# #..
###....# #.# ###
##.#.#### #.#
#....'.$# #.#
#._..'.$# #.#
#...@W.[#
##.#.#### # #....#
####†#############
#'##....)......
#....##########
######


You could see DildoBatman's ghost.

Vanquished Creatures
  A necrophage (D:4)
  A hound (D:4)
  An orc priest (D:4)
  An iguana (D:4)
  A hound zombie (D:4)
  4 gnolls (D:3)
  11 adders
  A white imp (D:4)
  An adder zombie (D:4)
  4 worms
  2 dart slugs
  4 orcs
  8 bats
  3 endoplasms
  6 giant cockroaches
  5 goblins
  9 hobgoblins
  13 jackals
  5 quokkas
  12 ball pythons
  3 frilled lizards
  6 kobolds
  7 rats
109 creatures vanquished.

Vanquished Creatures (others)
  A demonic plant (D:4)
1 creature vanquished.

Grand Total: 110 creatures vanquished

Notes
Turn   | Place    | Note
-------+----------+-------------------------------------------
     0 | D:1      | Gabide the Mummy Berserker began the quest for the Orb.
     0 | D:1      | Reached XP level 1. HP: 18/18 MP: 1/1
   253 | D:1      | Found a faded altar of an unknown god.
   427 | D:1      | Reached XP level 2. HP: 19/24 MP: 2/2
  1165 | D:2      | Gained mutation: You are in touch with the powers of death.
                  | [Mummy growth]
  1165 | D:2      | Reached XP level 3. HP: 18/29 MP: 3/3
  1527 | D:2      | Found a shadowy altar of Dithmenos.
  1682 | D:2      | Reached XP level 4. HP: 36/37 MP: 4/4
  1740 | D:2      | Reached ** piety under Trog
  1916 | D:2      | Reached skill level 4 in Fighting
  2516 | D:3      | Reached XP level 5. HP: 33/42 MP: 5/5
  2873 | D:3      | Found a burning altar of Makhleb.
  2974 | D:3      | Found a shadowy altar of Dithmenos.
  3492 | D:3      | Found a hazy altar of Hepliaklqana.
  3980 | D:4      | Reached XP level 6. HP: 45/50 MP: 6/6
  4077 | D:4      | Reached *** piety under Trog
  4138 | D:4      | Reached skill level 5 in Fighting
  4516 | D:4      | Found a runed translucent gate.
  4516 | D:4      | Found a runed translucent gate.
  4516 | D:4      | Found a runed translucent gate.
  4516 | D:4      | Noticed DildoBatman's ghost (amateur FoCj)
  4518 | D:4      | Found a basalt altar of Yredelemnul.
  4630 | D:4      | HP: 1/51 [DildoBatman's ghost/magic dart (5)]
  4631 | D:4      | Slain by DildoBatman's ghost

Illustrated notes

Levels and vault maps discovered:
D:1:      shiori_shiawase, layout_basic, ebering_ecumenical_altar_box,
          grunt_decor_cap, minmay_tromino_v4_a
D:2:      layout_basic, basic_altar, chequers_serial_rivers_small_a,
          minmay_snake_closets
D:3:      layout_basic, mainiacjoe_overflow_alcove_1,
          mainiacjoe_overflow_six_doors_small, mainiacjoe_overflow_chevrons
D:4:      layout_basic, old_standard_altar, nicolae_yredelemnul_ghost_church,
          serial_demonic, serial_demonic_e, serial_demonic_a, serial_demonic_e,
          serial_demonic_g

Skill      XL: |  1  2  3  4  5  6 |
---------------+-------------------+-----
Dodging        | 2 |  2.8
Unarmed Combat | 3 4 |  4.2
Armour         | 2 |  2.0
Fighting       | 4 5 |  5.3

Action                   |  1- 3 |  4- 6 || total
-------------------------+-------+-------++-------
Melee: Unarmed           |   147 |   439 ||   586
       Punch             |     1 |    13 ||    14
Throw: Boomerang         |     1 |     1 ||     2
Invok: Trog's Hand       |       |     2 ||     2
 Stab: Sleeping          |     2 |       ||     2
Armor: Animal skin       |    24 |       ||    24
       Ring mail         |     9 |   142 ||   151
Dodge: Dodged            |   103 |   209 ||   312
Block: Other             |    26 |   104 ||   130
       Reflection        |       |     3 ||     3
